 Dungeon Crawl Stone Soup version 0.21-a0-521-g1cd18d1148 (webtiles) character file.

11 Ivernyr the Ogre Mage (level 2, -1/24 HPs)
             Began as an Ogre Wizard on Dec 5, 2017.
             Slain by a jackal (2 damage)
             ... on level 1 of the Dungeon.
             The game lasted 00:02:42 (457 turns).

Ivernyr the Ogre Mage (Ogre Wizard)                  Turns: 457, Time: 00:02:43

Health: -1/24      AC:  3    Str: 10    XL:     2   Next: 29%
Magic:  0/7        EV: 10    Int: 19    God:
Gold:   18         SH:  0    Dex:  7    Spells: 6/9 levels left

rFire    . . .     SeeInvis .   (no weapon)
rCold    . . .     Gourm    .   (no shield)
rNeg     . . .     Faith    .   a - +0 robe
rPois    .         Spirit   .   b - +0 hat
rElec    .         Reflect  .   (no cloak)
rCorr    .         Harm     .   (gloves unavailable)
MR       .....                  (boots unavailable)
Stlth    +.........             f - amulet of inaccuracy (curse)
HPRegen  0.08/turn              (no ring)
MPRegen  0.10/turn              (no ring)

@: very slightly contaminated
A: large, unfitting armour, tough skin 1
a: no special abilities


You were on level 1 of the Dungeon.
You were not hungry.

You visited 1 branch of the dungeon, and saw 1 of its levels.

You collected 18 gold pieces.

Inventory:

Armour
 a - a +0 robe (worn)
 b - a +0 hat (worn)
Jewellery
 f - a cursed amulet of inaccuracy (around neck)
Scrolls
 e - 2 scrolls of identify {unknown}
Books
 c - a book of Minor Magic

   Spells                             Type                      Level
   a - Magic Dart                     Conjuration                  1
   b - Blink                          Translocation                2
   c - Call Imp                       Summoning                    2
   d - Slow                           Hexes                        2
   e - Conjure Flame                  Conjuration/Fire             3
   f - Mephitic Cloud                 Conjuration/Poison/Air       3
Comestibles
 d - a bread ration


   Skills:
 + Level 0.2 Fighting
 - Level 2.0 Dodging
 - Level 1.4 Stealth
 * Level 4.0 Spellcasting
 + Level 1.2 Conjurations
   Level 0.8 Summonings
 - Level 0.8 Translocations


You had 6 spell levels left.
You knew the following spells:

 Your Spells              Type           Power        Failure   Level  Hunger
a - Magic Dart            Conj           #...         9%          1    None
b - Blink                 Tloc           N/A          14%         2    ##.....


Dungeon Overview and Level Annotations

Branches:
Dungeon (1/15)

Altars:


Innate Abilities, Weirdness & Mutations

You are too large for most types of armour.
You have tough skin. (AC +1)


Message History

Aim: a jackal (moderately wounded)
The magic dart hits the jackal.
The jackal is moderately wounded.
The jackal completely misses you.
You miss the jackal.
The jackal is moderately wounded.
The jackal closely misses you.
You hit the jackal.
The jackal is heavily wounded.
The jackal bites you.
* * * LOW HITPOINT WARNING * * *
The jackal bites you.
* * * LOW HITPOINT WARNING * * *
You hit the jackal.
The jackal is severely wounded.
The jackal barely misses you.
You barely miss the jackal.
The jackal is severely wounded.
The jackal barely misses you. The jackal bites you.
You die...

#..).....#
#########.
#.###)####+##
#.....
#...........#
#.###.
######.###..#
#.#... #.#
#.#.[# #.#
#.#..# #.##
#.#..# #..#
#.#..# ##@#
#.#..# #h##
#.#..# #h.#
#.#..# #...#
#.#..# #....
#.#..# #.....
#.#..# #......
#.#...
#####>.#
#.##.#
..#######.##.#


You could see 2 jackals.

Vanquished Creatures
  A dart slug (D:1)
  3 goblins (D:1)
  A hobgoblin (D:1)
  2 jackals (D:1)
  2 frilled lizards (D:1)
  A rat (D:1)
10 creatures vanquished.

Notes
Turn   | Place    | Note
-------+----------+-------------------------------------------
     0 | D:1      | Ivernyr the Ogre Wizard began the quest for the Orb.
     0 | D:1      | Reached XP level 1. HP: 16/16 MP: 5/5
    16 | D:1      | Reached skill level 1 in Conjurations
   300 | D:1      | Reached XP level 2. HP: 24/24 MP: 3/6
   332 | D:1      | Learned a level 2 spell: Blink
   359 | D:1      | Reached skill level 4 in Spellcasting
   455 | D:1      | HP: 1/24 [jackal (1)]
   457 | D:1      | Slain by a jackal

Vault maps used:
D:1:      mrwooster_arrival_statue_3, minmay_cut_off

Skill      XL: |  1  2 |
---------------+-------+-----
Conjurations   | 1 |  1.2
Dodging        | 2 |  2.0
Spellcasting   | 4 |  4.0
Fighting       | |  0.2
Stealth        | |  1.4
Summonings     | |  0.8
Translocations | |  0.8

Action                   || total
-------------------------++-------
Melee: Unarmed           ||    53
 Cast: Magic Dart        ||    20
Armor: Robe              ||    27
Dodge: Dodged            ||    42

Table legend:
 A = Spawn XP
 B = Non-spawn XP
 C = Spawn XP percentage of total XP
 D = Spawn monster count
 E = Non-spawn monster count
 F = Spawn count percentage of total count
 G = Total turns spent on level
                    A         B        C        D         E        F      G
               +---------+---------+-------+---------+---------+-------+---------
         Total |       0 |      17 |   0.0 |       0 |      10 |   0.0 |   457
               +---------+---------+-------+---------+---------+-------+---------
           D:1 |       0 |      17 |   0.0 |       0 |      10 |   0.0 |   457
               +---------+---------+-------+---------+---------+-------+---------
